 Dungeon Crawl Stone Soup version 0.28.0 (webtiles) character file.

Game seed: 10456676771891620486

38 Dirian the Covered (level 3, 0/33 HPs)
             Began as a Minotaur Fighter on Feb 13, 2022.
             Frozen to death by an endoplasm (2 damage)
             ... on level 2 of the Dungeon.
             The game lasted 00:01:27 (1251 turns).

Dirian the Covered (Minotaur Fighter)               Turns: 1251, Time: 00:01:28

Health: 0/33       AC: 11    Str: 20    XL:     3   Next: 25%
Magic:  2/2        EV:  7    Int:  5    God:
Gold:   32         SH:  4    Dex: 11    Spells: 2/2 levels left

rFire   . . .      SeeInvis +   a - +0 long sword
rCold   . . .      Faith    .   c - +0 buckler
rNeg    . . .      Spirit   .   i - +0 chain mail
rPois   .          Reflect  .   (helmet restricted)
rElec   .          Harm     .   h - +0 cloak
rCorr   .          Rampage  .   k - +0 pair of gloves
Will    .....                   (no boots)
Stlth   ..........              (no amulet)
HPRegen 0.11/turn               g - ring of see invisible
MPRegen 0.08/turn               (no ring)

@: no status effects
A: horns 2, retaliatory headbutt
a: no special abilities


You were on level 2 of the Dungeon.
You visited 1 branch of the dungeon, and saw 2 of its levels.

You collected 32 gold pieces.

Inventory:

Hand Weapons
 a - a +0 long sword (weapon)
Armour
 c - a +0 buckler (worn)
 h - a +0 cloak (worn)
 i - a +0 chain mail (worn)
 k - a +0 pair of gloves (worn)
Jewellery
 g - a ring of see invisible (left hand)
Scrolls
 b - a scroll of acquirement {unknown}
 j - a scroll of teleportation {unknown}
 l - a scroll of blinking {unknown}
Potions
 d - 2 potions of might
 e - a potion of brilliance {unknown}
 f - a potion of curing {unknown}
 m - a potion of haste {unknown}


   Skills:
 + Level 3.9 Fighting
 * Level 3.3 Long Blades
 + Level 4.0 Armour
 - Level 1.0 Dodging
 + Level 3.9 Shields


You had 2 spell levels left.
You didn't know any spells.
Your spell library was empty.

Dungeon Overview and Level Annotations

Branches:
Dungeon (2/15)

Altars:

Annotations:
D:1 1 runed translucent door


Innate Abilities, Weirdness & Mutations

You have a pair of horns on your head.
You reflexively headbutt those who attack you in melee.


Message History

The adder bites you but does no damage. The endoplasm freezes you.
You are frozen.
You miss the adder.
The adder is severely wounded.
You feel sick. The adder barely misses you. You block the endoplasm's attack.
You slash the adder!
You kill the adder!
You feel sick.
You are no longer poisoned.
The endoplasm hits you but does no damage.
The adder bites you.
* * * LOW HITPOINT WARNING * * *
Your Armour skill increases to level 4!
You hit the adder.
The adder is moderately wounded.
The adder bites you but does no damage. The endoplasm barely misses you.
You furiously retaliate!
You headbutt the endoplasm, but do no damage.
You barely miss the adder.
The adder is moderately wounded.
The adder closely misses you. You furiously retaliate!
You headbutt the adder. You block the endoplasm's attack.
You block the adder's attack.
The endoplasm hits you but does no damage.
You closely miss the adder.
The adder is almost dead.
The adder bites you but does no damage. The adder barely misses you.
The endoplasm freezes you.
You are frozen.
* * * LOW HITPOINT WARNING * * *
You barely miss the adder. Your headbutt misses the adder.
The adder is almost dead.
You block the adder's attack.
The endoplasm jiggles.
You block the endoplasm's attack. The adder bites you but does no damage.
You closely miss the adder.
The adder is almost dead.
The endoplasm freezes you.
You are frozen.
You die...

### ###### ##@##
......#####J#S##
.............#.#
...........K..#########
..........##..........#
.####.....##..#######.#######
#........... #........
#.........##. #########
.......###.# # #.....


You could see an adder, an endoplasm and a kobold.

Vanquished Creatures
  2 adders (D:2)
  A bat (D:1)
  An endoplasm (D:2)
  A giant cockroach (D:1)
  A goblin (D:1)
  A hobgoblin (D:1)
  3 jackals (D:1)
  A quokka (D:1)
  3 ball pythons (D:1)
  A frilled lizard (D:1)
  2 kobolds (D:1)
  2 rats (D:1)
19 creatures vanquished.

Notes
Turn   | Place    | Note
-------+----------+-------------------------------------------
     0 | D:1      | Dirian the Minotaur Fighter began the quest for the Orb.
     0 | D:1      | Reached XP level 1. HP: 19/19 MP: 0/0
     1 | D:1      | Found a runed translucent door.
   360 | D:1      | Reached XP level 2. HP: 27/27 MP: 1/1
   528 | D:1      | Found a faded altar of an unknown god.
  1244 | D:2      | Reached skill level 1 in Dodging
  1244 | D:2      | Reached XP level 3. HP: 15/33 MP: 2/2
  1247 | D:2      | Reached skill level 4 in Armour
  1251 | D:2      | Frozen to death by an endoplasm

Illustrated notes

Levels and vault maps discovered:
D:1:      dpeg_arrival_caged_fury, layout_basic,
          hellmonk_ecumenical_altar_dog_temple, hangedman_decor_growths
D:2:      layout_loops_ring

Skill      XL: |  1  2  3 |
---------------+----------+-----
Long Blades    | 3 |  3.3
Dodging        | 1 |  1.0
Armour         | 4 |  4.0
Fighting       | |  3.9
Shields        | |  3.9

Action                   || total
-------------------------++-------
Melee: Long sword        ||    55
       Headbutt          ||     3
Armor: Chain mail        ||    30
       Scale mail        ||     4
Dodge: Dodged            ||    31
Block: Buckler           ||    24
